 Dungeon Sprint DCSS version 0.29-a0-817-g9904bce7a6 (webtiles) character file.

Game seed: 2633637323558096026

1310 mhtbhm the Grappler (level 8, 72/72 HPs)
             Began as a Troll Transmuter on July 6, 2022.
             Was a Follower of Trog.
             Quit the game in the Dungeon (Sprint IV: "Fedhas' Mad Dash").
             The game lasted 00:03:16 (716 turns).

mhtbhm the Grappler (Troll Transmuter)               Turns: 716, Time: 00:03:16

Health: 72/72      AC:  4    Str: 21    XL:     8   Next: 32%
Magic:  15/15      EV: 11    Int:  9    God:    Trog [*.....]
Gold:   151        SH:  0    Dex: 10    Spells: 7/17 levels left

rFire   . . .      SeeInvis .     - Unarmed
rCold   . . .      Faith    .   (no shield)
rNeg    . . .      Spirit   .   a - +0 robe
rPois   .          Reflect  .   (helmet restricted)
rElec   .          Harm     .   (no cloak)
rCorr   .          Rampage  .   (gloves unavailable)
Will    .....      NoTele   +   (boots unavailable)
Stlth   +.........              i - amulet of invisibility {+Inv}
HPRegen 1.02/turn               (no ring)
MPRegen 0.14/turn               (no ring)

@: no status effects
A: large, unfitting armour, claws 3, regeneration 1, shaggy fur 1, tough skin 1
a: Renounce Religion, Evoke Invisibility, Berserk


You were in the Dungeon.
You worshipped Trog.
Trog was aware of your devotion.
You visited 1 branch You collected 151 gold pieces.

Inventory:

Armour
 a - a +0 robe (worn)
Jewellery
 i - the amulet of invisibility (around neck) {+Inv}
   (You found it in the Dungeon)

   [amulet of nothing]

   +Inv:      It lets you turn invisible.
Scrolls
 h - a scroll of blinking
 j - a scroll of magic mapping {unknown}
 k - a scroll of fear {unknown}
Potions
 c - a potion of curing
 d - a potion of heal wounds
 e - a potion of haste
 f - 2 potions of magic
Miscellaneous
 b - a phantom mirror


   Skills:
 + Level 2.1 Fighting
 + Level 5.9 Dodging
 + Level 0.3 Stealth
 + Level 12.3 Unarmed Combat
 - Level 5.4 Spellcasting
 - Level 6.0 Transmutations
 + Level 3.1 Evocations


You had 7 spell levels left.
You knew the following spells:

 Your Spells              Type           Power      Damage    Failure   Level
a - Beastly Appendage     Tmut           26%        N/A       1%          1
b - Wereblood             Tmut           13%        N/A       3%          2
c - Spider Form           Tmut/Pois      7%         N/A       21%         3
d - Ice Form              Ice/Tmut       7%         N/A       56%         4

Your spell library contained the following spells:

 Spells                   Type           Power      Damage    Failure   Level


Dungeon Overview and Level Annotations

Branches:
Dungeon (1/1)

Altars:
Cheibriados
Dithmenos
Elyvilon
Gozag
Hepliaklqana
Kikubaaqudgha
Makhleb
Nemelex Xobeh
Okawaru
Qazlal
Ru
Sif Muna
Trog
Uskayaw
Vehumet
Wu Jian
Xom
Yredelemnul
Zin
The Shining One
Jiyva
Lugonu


Innate Abilities, Weirdness & Mutations

You are too large for most types of armour.
You have claws for hands.
Your natural rate of healing is unusually fast.
You are covered in fur. (AC +1)
You have tough skin. (AC +1)


Message History

No target in view!
No target in view!
No target in view!
No target in view!
No target in view!
No target in view!
No target in view!
No target in view!
No target in view!
No target in view!
No target in view!
No target in view!
No target in view!
No target in view!
There is an open door, spattered with blood here.
Items here: )) [[ †.
You feel a strong urge to attack something.
You now have 128 gold pieces (gained 15).
You now have 143 gold pieces (gained 15).
You feel your anger nearly subside.
You are no longer berserk.
You are exhausted.
You feel yourself slow down.
You now have 151 gold pieces (gained 8).
You start resting.
HP restored.
You start waiting.
You feel yourself speed up.
You start waiting.
You recover from your berserk rage.
You start waiting.
Done waiting.
There is an open door, spattered with blood here.
Items here: )) [[ †.
You see here a +0 club.
There is an open door here.
There is a corrupted altar of Lugonu here.
There is a stormy altar of Qazlal here.
There is an iron altar of Okawaru here.
There is a viscous altar of Jiyva here.
Are you sure you want to abandon this character and quit the game? (Confirm with "yes".)

###############################
...#.....#.⌠._._@_._.⌠.#.))...#
...'.#[[.'.._._._._._..'..#...#
...#.#...#..._._._._...#..###+#
#######'##.._._._._._..#.|#
.....†...#._._._._._.⌠.####
.....#...###############
.♣..###### ##### +


There were no monsters in sight!

Vanquished Creatures
  An oklob plant (D)
  A burning bush (D)
  A queen bee (D)
  2 scorpions (D)
  4 killer bees (D)
  4 oklob saplings (D)
  2 spriggans (D)
  A river rat (D)
  A rat (D)
17 creatures vanquished.

Notes
Turn   | Place    | Note
-------+----------+-------------------------------------------
     0 | D        | mhtbhm the Troll Transmuter began the quest for the Orb.
     0 | D        | Reached XP level 1. HP: 18/18 MP: 1/1
    10 | D        | Reached skill level 4 in Unarmed Combat
    10 | D        | Reached XP level 2. HP: 26/26 MP: 0/3
    50 | D        | Learned a level 2 spell: Wereblood
    53 | D        | Noticed an oklob sapling
    55 | D        | Killed an oklob sapling
    56 | D        | Reached skill level 5 in Unarmed Combat
    56 | D        | Reached XP level 3. HP: 32/32 MP: 0/5
    57 | D        | Noticed a scorpion
    57 | D        | Found the amulet of invisibility {+Inv}
    63 | D        | Killed a scorpion
    64 | D        | Reached skill level 7 in Unarmed Combat
    64 | D        | Reached XP level 4. HP: 40/40 MP: 1/7
   132 | D        | Learned a level 3 spell: Spider Form
   154 | D        | Noticed a queen bee
   165 | D        | Reached skill level 8 in Unarmed Combat
   165 | D        | Reached XP level 5. HP: 46/46 MP: 2/8
   175 | D        | Killed a queen bee
   176 | D        | Reached skill level 9 in Unarmed Combat
   176 | D        | Reached skill level 1 in Evocations
   176 | D        | Reached XP level 6. HP: 54/54 MP: 1/11
   183 | D        | Reached skill level 10 in Unarmed Combat
   190 | D        | Reached skill level 1 in Fighting
   190 | D        | Reached skill level 5 in Transmutations
   268 | D        | Learned a level 4 spell: Ice Form
   289 | D        | Noticed an oklob plant
   294 | D        | Killed an oklob plant
   295 | D        | Reached skill level 5 in Dodging
   295 | D        | Reached skill level 11 in Unarmed Combat
   295 | D        | Reached skill level 5 in Spellcasting
   295 | D        | Reached XP level 7. HP: 62/62 MP: 7/13
   302 | D        | Noticed a burning bush
   310 | D        | Killed a burning bush
   311 | D        | Reached XP level 8. HP: 44/72 MP: 9/15
   380 | D        | Found an opulent altar of Gozag.
   380 | D        | Found a hazy altar of Hepliaklqana.
   380 | D        | Found a burning altar of Makhleb.
   380 | D        | Found a sparkling altar of Nemelex Xobeh.
   380 | D        | Found a snail-covered altar of Cheibriados.
   380 | D        | Found a sacrificial altar of Ru.
   380 | D        | Found a shimmering blue altar of Sif Muna.
   380 | D        | Found a shimmering altar of Xom.
   380 | D        | Found a basalt altar of Yredelemnul.
   381 | D        | Found a viscous altar of Jiyva.
   381 | D        | Found a bloodstained altar of Trog.
   381 | D        | Found an ornate altar of the Wu Jian Council.
   382 | D        | Found an iron altar of Okawaru.
   382 | D        | Found a shadowy altar of Dithmenos.
   382 | D        | Found a glowing silver altar of Zin.
   383 | D        | Found an ancient bone altar of Kikubaaqudgha.
   383 | D        | Found a hide-covered altar of Uskayaw.
   384 | D        | Found a stormy altar of Qazlal.
   384 | D        | Found a white marble altar of Elyvilon.
   384 | D        | Found a glowing golden altar of the Shining One.
   385 | D        | Found a corrupted altar of Lugonu.
   385 | D        | Found a radiant altar of Vehumet.
   390 | D        | Reached skill level 12 in Unarmed Combat
   397 | D        | Became a worshipper of Trog the Wrathful
   554 | D        | Reached * piety under Trog
   716 | D        | Quit the game

Illustrated notes

Levels and vault maps discovered:
D:        dungeon_sprint_fedhas [sprint_temple]

Skill      XL: |  1  2  3  4  5  6  7  8 |
---------------+-------------------------+-----
Dodging        | 2 3 4 5 |  5.9
Unarmed Combat | 4 5 7 8 9 11 12 | 12.3
Spellcasting   | 2 3 4 5 |  5.4
Transmutations | 2 3 4 5 6 |  6.0
Evocations     | 1 2 3 |  3.1
Fighting       | 1 2 |  2.1
Stealth        | |  0.3

Action                   |  1- 3 |  4- 6 |  7- 9 || total
-------------------------+-------+-------+-------++-------
Melee: Unarmed           |    11 |    31 |    17 ||    59
       Kick              |     2 |     2 |     3 ||     7
       Punch             |     1 |     2 |     2 ||     5
       Headbutt          |     1 |     2 |     1 ||     4
 Cast: Beastly Appendage |     2 |     2 |     1 ||     5
       Wereblood         |     1 |     3 |       ||     4
 Abil: Evoke Invisibilit |       |     2 |     1 ||     3
       End Transformatio |       |     1 |       ||     1
  Use: Potion            |       |     1 |     1 ||     2
 Stab: Sleeping          |       |     1 |       ||     1
Armor: Robe              |     2 |       |       ||     2
       Skin              |       |    41 |       ||    41
Dodge: Dodged            |     3 |     3 |     1 ||     7

Table legend: (Time is in decaauts)
 A = Elapsed time spent in this place.
 B = Non-inter-level travel time spent in this place.
 C = Inter-level travel time spent in this place.
 D = Time resting spent in this place.
 E = Time spent auto-exploring this place.
 F = Levels seen in this place.
 G = Mean time per level.
                   A        B        C        D        E       F      G
               +--------+--------+--------+--------+--------+-----+--------+
         Total |    711 |    711 |      0 |    406 |      0 |   1 |  711.0 |
       Dungeon |    711 |    711 |      0 |    406 |      0 |   1 |  711.0 |
               +--------+--------+--------+--------+--------+-----+--------+

Top non-repeatable levels by time:
       D: 711 daAuts
